 Dungeon Crawl Stone Soup version 0.26.1-11-gd32895ea62 (webtiles) character file.

Game seed: 1986726662247824186

693 chachi the Archer (level 7, 0/90 HPs)
             Began as a Minotaur Hunter on June 20, 2021.
             Slain by an orc warrior
             ... wielding a +0 battleaxe
              (11 damage)
             ... on level 6 of the Dungeon.
             The game lasted 01:35:40 (4442 turns).

chachi the Archer (Minotaur Hunter)                 Turns: 4442, Time: 01:35:41

Health: 0/90       AC: 23    Str: 17    XL:     7   Next: 37%
Magic:  6/6        EV:  2    Int:  8    God:
Gold:   244        SH:  0    Dex: 12    Spells: 6/6 levels left

rFire    . . .     SeeInvis .   L - +0 long sword
rCold    . . .     Faith    .   (no shield)
rNeg     + + +     Spirit   .   (armour currently unavailable)
rPois    +         Reflect  .   (helmet currently unavailable)
rElec    .         Harm     .   (cloak currently unavailable)
rCorr    .         Rampage  .   (gloves currently unavailable)
Will     .....     NoTele   +   (boots currently unavailable)
Stlth    +.........             (no amulet)
HPRegen  0.25/turn              h - +4 ring of evasion
MPRegen  0.10/turn              (no ring)

@: tree-form, attractive
A: (retaliatory headbutt)
a: no special abilities


You were on level 6 of the Dungeon.
You were a tree.
You visited 1 branch of the dungeon, and saw 6 of its levels.

You collected 244 gold pieces.

Inventory:

Hand Weapons
 a - a +1 shortbow
 b - a +0 short sword
 i - a +0 mace
 l - a +0 flail
 t - a +2 whip of flaming
 v - a +0 short sword
 A - a +1 dagger of venom
 D - a +2 dagger of draining
 F - a +0 rapier
 H - a cursed -2 flail
 L - a +0 long sword (weapon)
 O - a +0 short sword
 R - a +2 whip of pain
Missiles
 d - 38 arrows
Armour
 c - a +0 leather armour
 e - a +0 ring mail
 g - a +0 leather armour
 j - a +0 leather armour
 m - a +0 robe
 p - a +0 ring mail
 s - a +0 robe
 u - a +0 ring mail
 y - a +0 ring mail
 G - a +0 plate armour
 I - a +0 plate armour
 M - a +0 cloak
 S - a +0 leather armour
 T - a +0 leather armour
 X - a +0 robe
 Y - +0 pearl dragon scales (melded)
 Z - a +0 robe
Magical Staves
 r - an uncursed staff of death {unknown}
 w - an uncursed staff of conjuration {unknown}
Jewellery
 h - a +4 ring of evasion (left branch)
Wands
 J - a wand of random effects (14)
 V - a wand of flame (21) (quivered)
Scrolls
 k - 3 scrolls of fog
 n - a scroll of identify
 o - 2 scrolls of amnesia
 x - a scroll of enchant weapon {unknown}
 z - a scroll of remove curse
Potions
 B - 2 potions of lignification
 K - a potion of flight


   Skills:
 + Level 4.3 Fighting
 + Level 0.5 Short Blades
 + Level 1.4 Maces & Flails
 + Level 8.2 Bows
 + Level 3.5 Armour
 + Level 2.7 Dodging
 + Level 0.8 Stealth


You had 6 spell levels left.
You didn't know any spells.
Your spell library was empty.

Dungeon Overview and Level Annotations

Branches:
Dungeon (6/15)
 Temple: D:4-7

Altars:
Ashenzari
Cheibriados
Gozag
Hepliaklqana
Kikubaaqudgha
Vehumet
Wu Jian

Annotations:
D:3 2 transporters, BlaiseRascal's ghost, amateur OpMo


Innate Abilities, Weirdness & Mutations

((You reflexively headbutt those who attack you in melee.))
((You have a pair of horns on your head.))


Message History

The orc warrior hits you with a +0 battleaxe.
* * * LOW HITPOINT WARNING * * *
A sky beast comes into view.
The orc hits you but does no damage.
You hit the orc warrior but do no damage.
The orc warrior is moderately wounded.
The orc warrior hits you but does no damage.
The orc hits you but does no damage.
You hit the orc warrior but do no damage.
The orc warrior is moderately wounded.
The sky beast hits you but does no damage.
The orc warrior hits you with a +0 battleaxe!
* * * LOW HITPOINT WARNING * * *
The orc hits you but does no damage.
The sky beast hits you but does no damage.
It was a potion of attraction.
You feel attractive to monsters. The orc barely misses you.
The orc warrior hits you with a +0 battleaxe!
You die...

# #.######
#.Y♣ooo#
#.####z# ..
####.#### ###
#.......####
#..#o##........
#.#.......#..#
#.....#..#.§#
##....#§§§..
#z<...#§§#.#


You could see an orc warrior, a sky beast, a wight and 2 orcs.

Vanquished Creatures
  A necrophage (D:5)
  A bullfrog (D:6)
  An orc priest (D:4)
  A centaur zombie (D:4)
  2 orc wizards
  A bullfrog skeleton (D:4)
  5 worker ants
  13 gnolls (D:5)
  8 adders
  An ooze (D:3)
  2 worms (D:2)
  3 dart slugs
  2 leopard geckos
  7 orcs
  A ball python (D:2)
  3 giant cockroaches
  5 goblins
  6 hobgoblins
  7 jackals
  3 kobolds (D:2)
  A quokka (D:4)
  A bat (D:1)
  4 frilled lizards
  7 rats
86 creatures vanquished.

Notes
Turn   | Place    | Note
-------+----------+-------------------------------------------
     0 | D:1      | chachi the Minotaur Hunter began the quest for the Orb.
     0 | D:1      | Reached XP level 1. HP: 18/18 MP: 0/0
   481 | D:1      | Reached XP level 2. HP: 25/25 MP: 1/1
   637 | D:1      | Reached skill level 5 in Bows
   910 | D:2      | Found an ancient bone altar of Kikubaaqudgha.
   910 | D:2      | Found an ornate altar of the Wu Jian Council.
   912 | D:2      | Found a broken altar of Ashenzari.
   914 | D:2      | Found a snail-covered altar of Cheibriados.
   915 | D:2      | Found an opulent altar of Gozag.
  1200 | D:2      | Reached XP level 3. HP: 26/30 MP: 2/2
  1417 | D:2      | Found a hazy altar of Hepliaklqana.
  1723 | D:3      | Reached XP level 4. HP: 33/37 MP: 3/3
  1820 | D:3      | Reached skill level 1 in Maces & Flails
  1820 | D:3      | Reached skill level 1 in Armour
  1945 | D:3      | Found a transporter.
  1954 | D:3      | Noticed BlaiseRascal's ghost (amateur OpMo)
  1956 | D:3      | Found a transporter.
  2189 | D:4      | Reached skill level 6 in Bows
  2385 | D:4      | Reached XP level 5. HP: 14/42 MP: 4/4
  3024 | D:4      | Reached XP level 6. HP: 52/52 MP: 5/5
  3420 | D:5      | Entered Level 5 of the Dungeon
  3495 | D:5      | Found a radiant altar of Vehumet.
  3753 | D:5      | Reached skill level 7 in Bows
  4021 | D:5      | Reached XP level 7. HP: 51/59 MP: 6/6
  4198 | D:5      | Reached skill level 8 in Bows
  4442 | D:6      | Slain by an orc warrior

Illustrated notes

Levels and vault maps discovered:
D:1:      dpeg_arrival_three_same_balls, layout_loops_ring
D:2:      layout_rooms, marbit_many_paths, grunt_temple_overflow_open,
          serial_glass, glass_columns_c, glass_columns_a
D:3:      layout_rooms, gammafunk_ghost_arena
D:4:      layout_basic, amcnicky_mini_corridor_feature, minmay_checkerbox
D:5:      layout_layer_cave, kennysheep_little_box
D:6:      layout_loops_cross, kennysheep_mini_moat,
          minmay_temple_entry_steel_oval

Skill      XL: |  1  2  3  4  5  6  7 |
---------------+----------------------+-----
Bows           | 5 6 7 8 |  8.2
Maces & Flails | 1 |  1.4
Armour         | 1 2 3 |  3.5
Fighting       | 3 4 |  4.3
Short Blades   | |  0.5
Dodging        | |  2.7
Stealth        | |  0.8

Action                   |  1- 3 |  4- 6 |  7- 9 || total
-------------------------+-------+-------+-------++-------
Melee: Mace              |    21 |       |       ||    21
       Headbutt          |     1 |     2 |       ||     3
       Dagger            |       |    14 |       ||    14
       Long sword        |       |       |     4 ||     4
 Fire: Shortbow          |    64 |   157 |    22 ||   243
  Use: Scroll            |     1 |    11 |     1 ||    13
       Potion            |       |     1 |     3 ||     4
Armor: Ring mail         |    11 |       |       ||    11
       Plate armour      |       |    23 |       ||    23
       Pearl dragon scal |       |    22 |     8 ||    30
       Skin              |       |       |    11 ||    11
Dodge: Dodged            |    42 |    56 |    20 ||   118
